 Dungeon Crawl Stone Soup version 0.14-a0-1739-g6c2808e (webtiles) character file.

4078 Kae the Martial Artist (level 9, 0/64 HPs)
             Began as a White Draconian Transmuter on Jan 3, 2014.
             Was a Follower of Sif Muna.
             Succumbed to a killer bee's poison
             ... on Level 9 of the Dungeon.
             The game lasted 00:25:03 (14080 turns).

Kae the Martial Artist (DrTm)                      Turns: 14080, Time: 00:25:03

HP   0/64        AC  8     Str 12      XL: 9   Next: 85%
MP  14/14        EV 12     Int 14      God: Sif Muna [*.....]
Gold 481         SH  0     Dex 14 (15) Spells:  3 memorised,  6 levels left

rFire  . . .     SeeInvis .       - Unarmed
rCold  + . .     Clarity  .     (armour unavailable)
rNeg   . . .     Conserve .     (no shield)
rPois  .         rCorr    .     (helmet restricted)
rElec  .         rRot     .     s - +0 cloak
SustAb . .       Spirit   .     (no gloves)
rMut   .         Warding  .     (boots unavailable)
Gourm  +         Stasis   .     m - amulet of the gourmand
                                E - ring of sustenance
                                y - ring of wizardry

@: appendage (expiring), flying, mildly poisoned, slightly resistant to hostile
enchantments, unstealthy
A: breathe frost, unfitting armour, antennae 1, talons 3, cold resistance 1, AC
+7
a: Breathe Frost, End Transformation, Channel Energy, Renounce Religion


You were on level 9 of the Dungeon.
You worshipped Sif Muna.
Sif Muna was aware of your devotion.
You were completely stuffed.
You had grown temporary talons.
You visited 2 branches of the dungeon, and saw 10 of its levels.

You collected 481 gold pieces.

Inventory:

Missiles
 b - 153 arrows
 x - 27 tomahawks (quivered)
Armour
 s - a +0 cloak (worn)
Magical devices
 f - a wand of random effects (4)
 i - a wand of random effects (19)
 o - a wand of enslavement (4)
 A - a wand of hasting (3)
Comestibles
 a - 6 bread rations
 j - 3 meat rations
 n - a choko
 v - an apple
 w - 2 beef jerkies
 G - 9 cheeses
 K - a rotting chunk of orc flesh
Scrolls
 e - a scroll of blinking
 g - a scroll of amnesia
 h - a scroll of remove curse
 k - a scroll of fear
 u - 2 scrolls of fog
 B - 2 scrolls of identify
Jewellery
 m - an amulet of the gourmand (around neck)
 y - a ring of wizardry (left hand)
 C - an uncursed ring of protection from magic {unknown}
 D - an uncursed ring of magical power
 E - a ring of sustenance (right hand)
 I - an uncursed ring of protection from fire {unknown}
Potions
 p - a potion of speed
 r - a potion of lignification
 t - a potion of cure mutation
Books
 d - a book of Changes

   Spells                             Type                      Level
   *Beastly Appendage                 Transmutation                1
   *Sticks to Snakes                  Transmutation                2
   *Spider Form                       Transmutation/Poison         3
   Ice Form                           Ice/Transmutation            4
   Blade Hands                        Transmutation                5
 l - a book of Callings

   Spells                             Type                      Level
   Summon Small Mammal                Summoning                    1
   Call Imp                           Summoning                    2
   Call Canine Familiar               Summoning                    3
   Summon Scorpions                   Summoning/Poison             4
   Summon Ice Beast                   Ice/Summoning                4
 q - a Grand Grimoire {highlevel}

   This book is beyond your current level of understanding.

   Spells                             Type                      Level
   Demonic Horde                      Summoning                    6
   Mass Abjuration                    Summoning                    6
   Haunt                              Necromancy/Summoning         7
   Summon Greater Demon               Summoning                    7
   Malign Gateway                     Summoning/Translocation      7
   Summon Horrible Things             Summoning                    8
 z - a book of Fire

   Spells                             Type                      Level
   Fire Brand                         Charms/Fire                  2
   Ignite Poison                      Fire/Transmutation           5
   Fireball                           Conjuration/Fire             5
   Bolt of Fire                       Conjuration/Fire             6
   Delayed Fireball                   Conjuration/Fire             7
   Ring of Flames                     Charms/Fire                  7


   Skills:
 - Level 1.1 Fighting
 - Level 1.7 Dodging
 * Level 11.9 Unarmed Combat
 - Level 2.0 Spellcasting
 + Level 8.1 Transmutations


You had 6 spell levels left.
You knew the following spells:

 Your Spells              Type           Power        Failure   Level  Hunger
a - Beastly Appendage     Trmt           ###...       1%          1    ##.....
b - Sticks to Snakes      Trmt           ###.......   1%          2    ###....
c - Spider Form           Trmt/Pois      ##........   5%          3    ####...


Dungeon Overview and Level Annotations

Branches:
Dungeon (9/16)             Temple (1/1) D:4
    Orc: D:9-12        Lair: D:8-11

Altars:
Ashenzari
Cheibriados
Elyvilon
Fedhas
Kikubaaqudgha
Makhleb
Nemelex Xobeh
Okawaru
Sif Muna
Trog
Vehumet
Xom
Yredelemnul
Zin
the Shining One
Lugonu

Annotations:
D:8 Mitsuki's ghost, experienced MfTm


Innate Abilities, Weirdness & Mutations

You can breathe waves of freezing cold.*
You can buffet flying creatures when you breathe cold.*
Your icy white scales are hard (AC +7).*
Your body does not fit into most forms of armour.
Your cold-blooded metabolism reacts poorly to cold.
Your flesh is cold resistant.*
You have a pair of small antennae on your head.*
You have claws for feet.*


Message History

Your transformation is almost over.
Read which item? (? for menu, Esc to quit)
Okay, then.
Eat which item? (? for menu, Esc to quit)
* * * LOW HITPOINT WARNING * * *
You feel sick.
You continue eating.
* * * LOW HITPOINT WARNING * * *
You feel sick.
You finish eating.
Mmm...
Cheesy.
Drink which item? (? for menu, Esc to quit)
Okay, then.
Read which item? (? for menu, Esc to quit)
Okay, then.
This spell is slightly dangerous to cast.
Memorise Blade Hands, consuming 5 spell levels and leaving 1?
You start memorising the spell.
You continue memorising.
You continue memorising.
Your memorisation is interrupted.
You die...

#........f.....####.#
#.#.......###### #.###
#.#.##.#### #...#
#####.#.##.# ##.#.#
#..........# #..#.#
###........# #.##.#
##......## #.##.#
##.....######## #.##.#
##....@......# #.##.#
#....######.# #.##.#
#....# #.# #.##>#
#....# #.# #.##.#
#....######.#####.##)#
#.#####......<....##.#
#.#####.###.######.[.#
#.##........# #.###
#.......##### #.#


There were no monsters in sight!

Vanquished Creatures
  Grinder (D:3)
  A hog (D:8)
  Edmund (D:4)
  2 sky beasts
  3 orc warriors
  A phantom (D:4)
  A human (D:8)
  2 ogres
  4 giant frogs
  The ghost of Eafy the Firebug, an average DjFE (D:4)
  A centaur (D:5)
  A water moccasin (D:6)
  2 killer bees (D:9)
  An eye of draining (D:7)
  3 lava fish (D:7)
  4 wights
  2 quasits (D:8)
  A giant frog zombie (D:5)
  6 hounds
  A lava snake (D:7)
  A jelly (D:8)
  An orc priest (D:7)
  3 orc wizards
  5 crimson imps
  4 scorpions
  3 iguanas
  6 worker ants
  3 sheep (D:8)
  An ogre skeleton (D:4)
  2 hound skeletons
  12 adders
  A worm zombie (D:7)
  A gnoll (D:1)
  A giant mite (D:8)
  4 worms
  An iguana zombie (D:8)
  2 oozes
  38 orcs
  2 ball pythons
  A bat skeleton (D:4)
  A bat zombie (D:6)
  7 giant cockroaches
  9 goblins
  20 hobgoblins
  14 jackals
  14 kobolds
  3 quokkas
  18 bats
  7 giant geckos
  8 giant newts
  2 hobgoblin skeletons
  17 rats
251 creatures vanquished.

Vanquished Creatures (others)
  An orc wizard (D:9)
1 creature vanquished.

Grand Total: 252 creatures vanquished

Notes
Turn   | Place    | Note
--------------------------------------------------------------
     0 | D:1      | Kae, the Draconian Transmuter, began the quest for the Orb.
     0 | D:1      | Reached XP level 1. HP: 16/16 MP: 3/3
   274 | D:1      | Reached XP level 2. HP: 20/23 MP: 2/4
  1067 | D:1      | Reached XP level 3. HP: 21/28 MP: 6/6
  1143 | D:2      | Reached skill level 4 in Unarmed Combat
  1781 | D:2      | Reached XP level 4. HP: 32/35 MP: 5/7
  3334 | D:3      | Reached skill level 5 in Unarmed Combat
  3425 | D:3      | Reached XP level 5. HP: 32/40 MP: 9/9
  3671 | D:3      | Learned a level 2 spell: Sticks to Snakes
  3675 | D:3      | Learned a level 3 spell: Spider Form
  4007 | D:4      | Found a burning altar of Makhleb.
  4431 | D:4      | Reached XP level 6. HP: 10/47 MP: 10/10
  4836 | D:4      | Noticed a phantom
  4847 | D:3      | Paralysed by a potion of paralysis for 4 turns
  4941 | D:4      | Noticed Edmund
  4954 | D:4      | Reached skill level 6 in Unarmed Combat
  4980 | D:4      | Killed Edmund
  5400 | D:4      | Found a staircase to the Ecumenical Temple.
  5412 | Temple   | Entered the Ecumenical Temple
  5430 | Temple   | Became a worshipper of Sif Muna the Loreminder
  5637 | D:4      | Noticed Grinder
  5719 | D:3      | Paralysed by Grinder for 4 turns
  5738 | D:3      | Paralysed by Grinder for 5 turns
  5752 | D:3      | Paralysed by Grinder for 5 turns
  5765 | D:3      | Killed Grinder
  5765 | D:3      | Reached skill level 7 in Unarmed Combat
  5765 | D:3      | Your scales start taking on an icy white colour.
  5765 | D:3      | Gained mutation: Your flesh is cold resistant. [draconian maturity]
  5765 | D:3      | Reached XP level 7. HP: 12/52 MP: 12/12
  6056 | D:4      | Noticed Eafy's ghost (average DjFE)
  6075 | D:4      | Killed Eafy's ghost
  6075 | D:4      | Reached skill level 5 in Transmutations
  6315 | D:4      | Killed a phantom
  6441 | D:4      | Found a glowing golden altar of the Shining One.
  6670 | D:4      | Reached skill level 8 in Unarmed Combat
  6825 | D:4      | Noticed an ogre
  7344 | D:5      | Entered Level 5 of the Dungeon
  7388 | D:5      | Found a snail-covered altar of Cheibriados.
  7639 | D:5      | Reached XP level 8. HP: 38/59 MP: 13/13
  8626 | D:6      | Reached skill level 9 in Unarmed Combat
  9882 | D:5      | Reached skill level 10 in Unarmed Combat
 10031 | D:6      | Acquired Sif Muna's first power
 10649 | D:6      | Reached XP level 9. HP: 58/64 MP: 12/14
 10921 | D:7      | Found a glowing silver altar of Zin.
 10928 | D:7      | Found a blossoming altar of Fedhas.
 12395 | D:7      | Found a radiant altar of Vehumet.
 12395 | D:7      | Found a white marble altar of Elyvilon.
 12397 | D:7      | Found a sparkling altar of Nemelex Xobeh.
 12400 | D:7      | Found a bloodstained altar of Trog.
 12405 | D:7      | Found a shattered altar of Ashenzari.
 12717 | D:8      | Reached skill level 11 in Unarmed Combat
 12848 | D:8      | Noticed Mitsuki's ghost (experienced MfTm)
 14069 | D:9      | HP: 3/64 [poisoned by a killer bee]
 14074 | D:9      | HP: 2/64 [poisoned by a killer bee]
 14075 | D:9      | Gained mutation: You have a pair of small antennae on your head. [potion of beneficial mutation]
 14080 | D:9      | Succumbed to a killer bee's poison

Action                   |  1- 3 |  4- 6 |  7- 9 || total
-------------------------+-------+-------+-------++-------
Melee: Unarmed           |   164 |   297 |   577 ||  1038
 Cast: Beastly Appendage |     9 |    24 |    65 ||    98
       Spider Form       |       |     2 |    16 ||    18
 Abil: Breathe Frost     |       |       |    11 ||    11
Evoke: Wand              |       |     6 |     2 ||     8
  Use: Potion            |       |     6 |     3 ||     9
       Scroll            |       |    15 |     3 ||    18
 Stab: Paralysed         |       |     2 |       ||     2
       Sleeping          |       |       |     2 ||     2
